SL
MOBILE BAYBEARS @ MISSISSIPPI BRAVES
09/14/2080
 
TOP OF THE 1ST
Mobile BayBears batting - Pitching for Mississippi Braves : RHP Paul English
Pitching: RHP Paul English
Batting: LHB Franklin Rios 0-0: Ball
1-0: Ball
2-0: Ball
3-0: Base on Balls
Batting: RHB Antonio Reyes 0-0: Ball
1-0: Called Strike
1-1: Ball
2-1: Ball
3-1: Foul Ball, location: 2F
3-2: Foul Ball, location: 2F
3-2: Fly out, F9 (Flyball, 89D, EV 100.6 MPH)
Batting: RHB Andres Portillo 0-0: Ball
1-0: Ball
Franklin Rios steals 2nd base
2-0: Called Strike
2-1: Swinging Strike
2-2: Ball
3-2: Base on Balls
Batting: LHB Julio del Llano 0-0: Ball
1-0: Ball
Franklin Rios steals 3rd base (no throw)
Andres Portillo to second
2-0: Ground out U3 (Groundball, 34S, EV 82.5 MPH)
Franklin Rios scores
Andres Portillo to third
Batting: RHB Bryan Corless 0-0: Ball
1-0: Swinging Strike
1-1: Foul Ball, location: 2F
1-2: Ground out 5-3 (Groundball, 56, EV 78.8 MPH)
Top of the 1st over - 1 run, 0 hits, 0 errors, 1 left on base; Mobile 1 - Mississippi 0
BOTTOM OF THE 1ST
Mississippi Braves batting - Pitching for Mobile BayBears : RHP Nate Farnam
Pitching: RHP Nate Farnam
Batting: RHB Jose Romero 0-0: Ball
1-0: Foul Ball, location: 2F
1-1: SINGLE (Groundball, 13S, EV 73.1 MPH) (infield hit)
Batting: LHB Matt Rogacki 0-0: Foul Ball, location: 2F
0-1: Ball
1-1: Ball
2-1: Swinging Strike
2-2: Ball
3-2: Fielders Choice at 2nd, 4-6 (Groundball, 4, EV 109.4 MPH)
Batting: RHB Andres Nuno 0-0: Called Strike
0-1: Ball
1-1: Swinging Strike
1-2: Strikes out looking
Batting: LHB Jose Yanez 0-0: Called Strike
0-1: 2-RUN HOME RUN (Flyball, 9D, EV 96.9 MPH), Distance : 373 ft
Batting: RHB Ben Ketrow 0-0: SINGLE (Groundball, 6D, EV 99.4 MPH)
Batting: LHB Danny Amaya 0-0: Called Strike
Ben Ketrow steals 2nd, throwing error, E2
Ben Ketrow to third
0-1: Ball
1-1: Called Strike
1-2: Ground out 4-3 (Groundball, 4, EV 81.2 MPH)
Bottom of the 1st over - 2 runs, 3 hits, 1 error, 1 left on base; Mobile 1 - Mississippi 2
TOP OF THE 2ND
Mobile BayBears batting - Pitching for Mississippi Braves : RHP Paul English
Batting: LHB Vinny Berrios 0-0: Ball
1-0: Swinging Strike
1-1: Ball
2-1: Ball
3-1: Base on Balls
Batting: SHB Cory Payan 0-0: Ball
1-0: Fly out, F5 (Popup, 25F, EV 83.1 MPH)
Batting: RHB Nick Dini 0-0: Ball
1-0: Ball
2-0: Ball
3-0: Called Strike
3-1: Base on Balls
Vinny Berrios to second
Batting: SHB Justin Strickland 0-0: Grounds into double play, 5-4-3 (Groundball, 56, EV 108.8 MPH)
Top of the 2nd over - 0 runs, 0 hits, 0 errors, 1 left on base; Mobile 1 - Mississippi 2
BOTTOM OF THE 2ND
Mississippi Braves batting - Pitching for Mobile BayBears : RHP Nate Farnam
Batting: RHB Mark Zoss 0-0: Fly out, F8 (Flyball, 8LD, EV 103.8 MPH)
Batting: RHB Heath Hacker 0-0: Called Strike
0-1: Swinging Strike
0-2: Ground out 1-3 (Groundball, 13, EV 73.1 MPH)
Batting: RHB Santos Cervantes 0-0: Called Strike
0-1: Fly out, F4 (Popup, 34D, EV 56.9 MPH)
Bottom of the 2nd over - 0 runs, 0 hits, 0 errors, 0 left on base; Mobile 1 - Mississippi 2
TOP OF THE 3RD
Mobile BayBears batting - Pitching for Mississippi Braves : RHP Paul English
Batting: LHB Franklin Rios 0-0: Foul Ball, location: 2F
0-1: Called Strike
0-2: Ball
1-2: Ground out 5-3 (Groundball, 5S, EV 78.1 MPH)
Batting: RHB Antonio Reyes 0-0: Ball
1-0: Ball
2-0: SINGLE (Line Drive, 4MD, EV 103.1 MPH)
Batting: RHB Andres Portillo 0-0: Fly out, F7 (Flyball, 7LS, EV 96.2 MPH)
Batting: LHB Julio del Llano 0-0: Called Strike
0-1: Foul Ball, location: 2F
0-2: Ball
1-2: Ball
Passed Ball!
Antonio Reyes to second
2-2: Ball
3-2: Foul Ball, location: 2F
3-2: Ground out 4-3 (Groundball, 4, EV 103.1 MPH)
Top of the 3rd over - 0 runs, 1 hit, 0 errors, 1 left on base; Mobile 1 - Mississippi 2
BOTTOM OF THE 3RD
Mississippi Braves batting - Pitching for Mobile BayBears : RHP Nate Farnam
Batting: RHB Jose Romero 0-0: Ground out 6-3 (Groundball, 6, EV 81.2 MPH)
Batting: LHB Matt Rogacki 0-0: Ball
1-0: Ball
2-0: Swinging Strike
2-1: Ball
3-1: Called Strike
3-2: Base on Balls
Batting: RHB Andres Nuno 0-0: Foul Ball, location: 2F
0-1: Foul Ball, location: 2F
0-2: Foul Ball, location: 2F
0-2: Ball
1-2: Strikes out swinging
Batting: LHB Jose Yanez 0-0: Called Strike
0-1: Ball
Wild Pitch!
Matt Rogacki to second
1-1: Ball
2-1: Foul Ball, location: 2F
2-2: Ball
3-2: Base on Balls
Batting: RHB Ben Ketrow 0-0: SINGLE (Groundball, 56D, EV 103.1 MPH)
Matt Rogacki to third
Jose Yanez to second
Runner from 3rd tries for Home, throw by LF and OUT! 7-2
Bottom of the 3rd over - 0 runs, 1 hit, 0 errors, 2 left on base; Mobile 1 - Mississippi 2
TOP OF THE 4TH
Mobile BayBears batting - Pitching for Mississippi Braves : RHP Paul English
Batting: RHB Bryan Corless 0-0: Called Strike
0-1: DOUBLE (Line Drive, 9LM, EV 107.5 MPH)
Batting: LHB Vinny Berrios 0-0: Ball
1-0: Foul Ball, location: 2F
1-1: Called Strike
1-2: Ground out 1-3 (Groundball, 34S, EV 68.1 MPH)
Bryan Corless to third
Batting: SHB Cory Payan 0-0: Ball
1-0: Called Strike
1-1: Called Strike
1-2: Ball
2-2: Fly out, F8 (Line Drive, 8RM, EV 85.6 MPH)
Runner from 3rd tags up, SCORES, throw by CF
Batting: RHB Nick Dini 0-0: Called Strike
0-1: Called Strike
0-2: Ball
1-2: Ball
2-2: Ball
3-2: Foul Ball, location: 2F
3-2: Foul Ball, location: 2F
3-2: Foul Ball, location: 2F
3-2: SINGLE (Groundball, 34D, EV 106.2 MPH)
Batting: SHB Justin Strickland 0-0: Ball
1-0: Ball
2-0: Foul Ball, location: 2F
2-1: Fly out, F9 (Flyball, 89D, EV 97.5 MPH)
Top of the 4th over - 1 run, 2 hits, 0 errors, 1 left on base; Mobile 2 - Mississippi 2
BOTTOM OF THE 4TH
Mississippi Braves batting - Pitching for Mobile BayBears : RHP Nate Farnam
Batting: LHB Danny Amaya 0-0: Called Strike
0-1: Ball
1-1: DOUBLE (Line Drive, 89D, EV 110.6 MPH)
Batting: RHB Mark Zoss 0-0: SINGLE (Line Drive, 56D, EV 107.5 MPH)
Danny Amaya to third
Batting: RHB Heath Hacker 0-0: Called Strike
0-1: Ball
1-1: Foul Ball, location: 2F
1-2: Ball
2-2: Fly out, F8 (Flyball, 8RXD, EV 90.6 MPH)
Runner from 3rd tags up, SCORES, no throw by CF
Batting: RHB Santos Cervantes 0-0: Called Strike
Mark Zoss is caught stealing 2nd base 2-4
0-1: Ball
1-1: Ball
2-1: Ball
3-1: Swinging Strike
3-2: Strikes out looking
Bottom of the 4th over - 1 run, 2 hits, 0 errors, 0 left on base; Mobile 2 - Mississippi 3
TOP OF THE 5TH
Mobile BayBears batting - Pitching for Mississippi Braves : RHP Paul English
Batting: LHB Franklin Rios 0-0: Foul Ball, location: 2F
0-1: Swinging Strike
0-2: Ground out 6-3 (Groundball, 6, EV 90.6 MPH)
Batting: RHB Antonio Reyes 0-0: Ball
1-0: Ball
2-0: Ground out 5-3 (Groundball, 5S, EV 84.4 MPH)
DELAY Rain delay of 39 minutes in the 5th inning.
Batting: RHB Andres Portillo 0-0: Swinging Strike
0-1: Called Strike
0-2: Hit by Pitch
Batting: LHB Julio del Llano 0-0: Ball
Andres Portillo steals 2nd base
1-0: Foul Ball, location: 2F
1-1: Foul Ball, location: 2F
1-2: Ground out 4-3 (Groundball, 4, EV 83.1 MPH)
Top of the 5th over - 0 runs, 0 hits, 0 errors, 1 left on base; Mobile 2 - Mississippi 3
BOTTOM OF THE 5TH
Mississippi Braves batting - Pitching for Mobile BayBears : RHP Nate Farnam
Batting: RHB Jose Romero 0-0: Called Strike
0-1: Ball
1-1: Ball
2-1: Foul Ball, location: 2F
2-2: Fly out, F8 (Flyball, 8RD, EV 98.8 MPH)
Batting: LHB Matt Rogacki 0-0: Ground out 6-3 (Groundball, 6, EV 90.0 MPH)
Batting: RHB Andres Nuno 0-0: Ball
1-0: Ground out U3 (Groundball, 34S, EV 84.4 MPH)
Bottom of the 5th over - 0 runs, 0 hits, 0 errors, 0 left on base; Mobile 2 - Mississippi 3
TOP OF THE 6TH
Mobile BayBears batting - Pitching for Mississippi Braves : RHP Paul English
Batting: RHB Bryan Corless 0-0: Ball
1-0: Foul Ball, location: 2F
1-1: Called Strike
1-2: Foul Ball, location: 2F
1-2: Ball
2-2: Fly out, F2 (Popup, 23F, EV 85.0 MPH)
Pitching: RHP John Morgan
Batting: LHB Vinny Berrios 0-0: Ball
1-0: Called Strike
1-1: Ball
2-1: Foul Ball, location: 2F
2-2: Ball
3-2: Foul Ball, location: 2F
3-2: Reached on error, E3 (Groundball, 3, EV 86.9 MPH)
Batting: SHB Cory Payan 0-0: Called Strike
0-1: Ball
1-1: DOUBLE (Line Drive, 9LS, EV 94.4 MPH)
Vinny Berrios to third
Batting: RHB Nick Dini 0-0: Called Strike
0-1: Ball
1-1: Ball
2-1: Fly out, F7 (Flyball, 7, EV 82.5 MPH)
Runner from 3rd tags up, SCORES, throw by LF
Pinch Hitting: LHB David Becerril 0-0: Ball
1-0: Fly out, F8 (Flyball, 8LM, EV 82.5 MPH)
Top of the 6th over - 1 run, 1 hit, 1 error, 1 left on base; Mobile 3 - Mississippi 3
BOTTOM OF THE 6TH
Mississippi Braves batting - Pitching for Mobile BayBears : RHP Nate Farnam
Now at 2B: David Becerril
Now at SS: Cory Payan
Batting: LHB Jose Yanez 0-0: Foul Ball, location: 2F
0-1: Swinging Strike
0-2: Foul Ball, location: 2F
0-2: Strikes out looking
Batting: RHB Ben Ketrow 0-0: Ball
1-0: Ball
2-0: Foul Ball, location: 2F
2-1: Ball
3-1: Base on Balls
Batting: LHB Danny Amaya 0-0: Swinging Strike
Ben Ketrow is caught stealing 2nd base 2-6
0-1: Ball
1-1: Called Strike
1-2: Ball
2-2: Ball
3-2: Base on Balls
Batting: RHB Mark Zoss 0-0: Ball
1-0: Foul Ball, location: 2F
1-1: SINGLE (Line Drive, 89S, EV 105.6 MPH)
Danny Amaya to second
Batting: RHB Heath Hacker 0-0: Foul Ball, location: 2F
0-1: Ball
1-1: Fielders Choice at 2nd, 6-4 (Groundball, 6MD, EV 88.1 MPH)
Bottom of the 6th over - 0 runs, 1 hit, 0 errors, 2 left on base; Mobile 3 - Mississippi 3
TOP OF THE 7TH
Mobile BayBears batting - Pitching for Mississippi Braves : RHP John Morgan
Batting: LHB Franklin Rios 0-0: Called Strike
0-1: SINGLE (Line Drive, 89S, EV 110.0 MPH)
Batting: RHB Antonio Reyes 0-0: Bunt missed!
0-1: Bunt missed!
0-2: Ball
1-2: Fly out, F9 (Flyball, 9D, EV 93.1 MPH)
Runner from 1st tags up, SAFE at 2nd
Batting: RHB Andres Portillo 0-0: Called Strike
0-1: SINGLE (Groundball, 6D, EV 104.4 MPH)
Franklin Rios to third
Runner from 3rd tries for Home, throw by CF and OUT! 8-2
Pitching: LHP Nate Watson
Pinch Hitting: RHB Kevin Hamrin 0-0: Ball
1-0: Ball
Andres Portillo steals 2nd base (no throw)
2-0: Foul Ball, location: 2F
2-1: Foul Ball, location: 2F
2-2: Strikes out swinging
Top of the 7th over - 0 runs, 2 hits, 0 errors, 1 left on base; Mobile 3 - Mississippi 3
BOTTOM OF THE 7TH
Mississippi Braves batting - Pitching for Mobile BayBears : RHP Nate Farnam
Now in LF: Kevin Hamrin
Batting: RHB Santos Cervantes 0-0: Ball
1-0: Foul Ball, location: 2F
1-1: Called Strike
1-2: Ground out 6-3 (Groundball, 6, EV 85.0 MPH)
Batting: RHB Jose Romero 0-0: Ball
1-0: Called Strike
1-1: Called Strike
1-2: Strikes out swinging
Batting: LHB Matt Rogacki 0-0: Called Strike
0-1: Foul Ball, location: 2F
0-2: Ground out 6-3 (Groundball, 6, EV 90.0 MPH)
Bottom of the 7th over - 0 runs, 0 hits, 0 errors, 0 left on base; Mobile 3 - Mississippi 3
TOP OF THE 8TH
Mobile BayBears batting - Pitching for Mississippi Braves : LHP Nate Watson
Pitching: LHP Chris Parrish
Batting: RHB Bryan Corless 0-0: Ball
1-0: Called Strike
1-1: Ball
2-1: Called Strike
2-2: Foul Ball, location: 2F
2-2: Ball
3-2: Strikes out looking
Pinch Hitting: RHB Armando Orozco 0-0: Called Strike
0-1: Ball
1-1: Swinging Strike
1-2: Ground out 6-3 (Groundball, 6, EV 82.5 MPH)
Batting: SHB Cory Payan 0-0: Called Strike
0-1: Swinging Strike
0-2: Strikes out swinging
Top of the 8th over - 0 runs, 0 hits, 0 errors, 0 left on base; Mobile 3 - Mississippi 3
BOTTOM OF THE 8TH
Mississippi Braves batting - Pitching for Mobile BayBears : RHP Nate Farnam
Pitching: RHP Chris Adams
Now at C: Ed Martinez
Batting: RHB Andres Nuno 0-0: Ball
1-0: Reached on error, E6 (Groundball, 6, EV 105.6 MPH)
Batting: LHB Jose Yanez 0-0: Intentional Walk
Pinch Hitting: LHB Sal Jimenez 0-0: Ball
1-0: Called Strike
1-1: Ball
2-1: Swinging Strike
2-2: Fly out, F8 (Flyball, 8LD, EV 76.9 MPH)
Runner from 2nd tags up, SAFE at 3rd with throw by CF
Batting: LHB Danny Amaya 0-0: SINGLE (Groundball, 34D, EV 96.9 MPH)
Andres Nuno scores
Jose Yanez to second
Pinch Runner at 2nd Gabe Gillis:
Batting: RHB Mark Zoss 0-0: Ball
1-0: Foul Ball, location: 2F
1-1: Fly out, F7 (Flyball, 7S, EV 81.9 MPH)
Batting: RHB Heath Hacker 0-0: Called Strike
0-1: Called Strike
0-2: Ball
1-2: Strikes out swinging
Bottom of the 8th over - 1 run, 1 hit, 1 error, 2 left on base; Mobile 3 - Mississippi 4
TOP OF THE 9TH
Mobile BayBears batting - Pitching for Mississippi Braves : LHP Chris Parrish
Now at 1B: Dan Klosterman
Now in LF: A.J. Montez
Batting: RHB Nick Dini 0-0: Ground out 4-3 (Groundball, 34, EV 81.9 MPH)
Batting: LHB David Becerril 0-0: Called Strike
0-1: Swinging Strike
0-2: Strikes out swinging
Batting: LHB Franklin Rios 0-0: Ball
1-0: Swinging Strike
1-1: Ball
2-1: Fly out, F8 (Flyball, 8LXD, EV 85.6 MPH)
Top of the 9th over - 0 runs, 0 hits, 0 errors, 0 left on base; Mobile 3 - Mississippi 4
Wednesday, July 27th , 2022 - OOTP Baseball 23.5 Build 73